 Dungeon Crawl Stone Soup version 0.31.0-11-ge490571c62 (webtiles) character file.

Game seed: 5539416449013117594

117 DemonSlayer the Digger (level 4, -1/31 HPs)
             Began as a Demonspawn Earth Elementalist on Jan 30, 2024.
             Slain by Grinder (8 damage)
             ... on level 3 of the Dungeon.
             The game lasted 00:05:11 (3081 turns).

DemonSlayer the Digger (DsEE)                       Turns: 3081, Time: 00:05:13

Health: -1/31      AC:  6    Str:  9    XL:     4   Next: 71%
Magic:  6/9        EV: 12    Int: 15    God:
Gold:   201        SH:  0    Dex: 15    Spells: 8/9 levels left

rFire   . . .        j - +0 dagger
rCold   . . .        (no shield)
rNeg    . . .        a - +0 robe
rPois   .            (no helmet)
rElec   .            t - +0 cloak
rCorr   .            k - +0 pair of gloves
SInv    .            (no boots)
Will    .....        (no amulet)
Stlth   ++           (no ring)
HPRegen 0.25/turn    (no ring)
MPRegen 0.11/turn

%: no passive effects
@: no status effects
A: hooves 2, molten scales 1
a: no special abilities


You were on level 3 of the Dungeon.
You visited 1 branch of the dungeon, and saw 3 of its levels.

You collected 201 gold pieces.

Inventory:

Hand Weapons
 j - a +0 dagger (weapon)
Missiles
 d - 11 poisoned darts
 f - 4 boomerangs
Armour
 a - a +0 robe (worn)
 k - a +0 pair of gloves (worn)
 t - a +0 cloak (worn)
Scrolls
 e - 2 scrolls of blinking {unknown}
 n - a scroll of fog {unknown}
 o - a scroll of revelation {unknown}
 r - a scroll of amnesia {unknown}
 u - 3 scrolls of summoning {unknown}
Potions
 b - a potion of magic
 c - 3 potions of berserk rage {unknown}
 g - a potion of brilliance {unknown}
 i - a potion of heal wounds {unknown}
 l - 2 potions of enlightenment {unknown}
 m - 2 potions of haste {unknown}
 p - a potion of lignification {unknown}
 q - 2 potions of curing {unknown}
 s - a potion of resistance {unknown}


   Skills:
 + Level 0.3 Fighting
 + Level 0.8 Throwing
 + Level 1.9 Dodging
 + Level 2.1 Stealth
 + Level 3.4 Spellcasting
 + Level 1.0 Conjurations
 + Level 3.5 Earth Magic


You had 8 spell levels left.
You knew the following spells:

 Your Spells              Type           Power      Damage    Failure   Level
a - Sandblast             Erth           26%        2d8       4%          1

Your spell library contained the following spells:

 Spells                   Type           Power      Damage    Failure   Level
 Passwall                 Erth           13%        N/A       13%         3
 Freeze                   Ice            8%         1d3       19%         1
 Stone Arrow              Conj/Erth      18%        3d8       22%         3
 Hailstorm                Conj/Ice       4%         3d5       43%         3
 Call Canine Familiar     Summ           2%         N/A       50%         3
 Frozen Ramparts          Ice            4%         1d1       50%         3
 Sigil of Binding         Hex            2%         N/A       50%         3
 Brom's Barrelling Bould  Conj/Erth      9%         2d3       58%         4
 Petrify                  Alch/Erth      7%         N/A       67%         4
 Dimensional Bullseye     Hex/Tloc       1%         N/A       88%         4


Dungeon Overview and Level Annotations

Branches:
Dungeon (3/15)

Altars:

Annotations:
D:3 Grinder


Innate Abilities, Weirdness & Mutations

You have hoof-like feet.
You are partially covered in molten scales. (AC +2)


Message History

Your line of fire to Grinder is blocked by a plant.
Grinder hits the plant.
The plant begins to die.
You throw a silver javelin.
The silver javelin barely misses Grinder.
Grinder gestures at you.
You suddenly lose the ability to move!
Grinder blinks!
A nearby plant withers and dies.
Grinder says, "Mostly I couldn't keep them alive."
Grinder hits you but does no damage.
Grinder rolls her eyes.
Grinder hits you.
You writhe in agony.
You can move again.
You throw a silver javelin.
The silver javelin pierces through Grinder.
The silver sears Grinder!
Grinder is lightly wounded.
Grinder hits you.
You writhe in agony.
The blast of sand hits Grinder.
Grinder is moderately wounded.
Grinder gestures at you.
You shrug off the repeated paralysis!
Grinder hits you.
You writhe in agony.
The blast of sand hits Grinder.
Grinder is heavily wounded.
Grinder gestures at you.
You suddenly lose the ability to move!
Grinder hits you!
You writhe in agony.
* * * LOW HITPOINT WARNING * * *
You can move again.
You are too injured to fight recklessly!
Casting: Sandblast (safe; 4% risk of failure)
Confirm with . or Enter, or press ? or * to list all spells.
Aiming: Sandblast (safe; 4% risk of failure)
Press: ? - help, Shift-Dir - straight line, f/p - Grinder
Aim: Grinder (moderately wounded, 80% to hit)
The blast of sand hits Grinder.
Grinder is heavily wounded.
Grinder hits you!
You die...
Grinder says, "Hey, I wasn't done torturing you yet!"

...>............#
.............####
#.#.........#
#..........##
#.......##
##.....## #....##
#######.#.##
.(.....5@.#
######.### #.#
... #(... #..♣..
#..P♣.P #.P♣ _♣♣
#.!P .


You could see Grinder.

Vanquished Creatures
  An orc wizard (D:3)
  3 adders
  3 dart slugs (D:2)
  A ribbon worm (D:3)
  2 orcs (D:3)
  5 ball pythons
  2 bats
  4 endoplasms
  2 giant cockroaches
  3 goblins
  4 hobgoblins (D:2)
  4 jackals (D:1)
  6 kobolds
  4 quokkas
  2 frilled lizards (D:2)
  3 rats (D:2)
49 creatures vanquished.

Notes
Turn   | Place    | Note
-------+----------+-------------------------------------------
     0 | D:1      | DemonSlayer the Demonspawn Earth Elementalist began the
                  | quest for the Orb.
     0 | D:1      | Reached XP level 1. HP: 13/13 MP: 3/3
   407 | D:1      | Gained mutation: You have large cloven feet. [demonic
                  | ancestry]
   407 | D:1      | Reached XP level 2. HP: 16/19 MP: 0/5
  1777 | D:2      | Gained mutation: You have hoof-like feet. [demonic
                  | ancestry]
  1777 | D:2      | Reached XP level 3. HP: 24/24 MP: 4/6
  2729 | D:3      | Gained mutation: You are partially covered in molten
                  | scales. (AC +2) [demonic ancestry]
  2729 | D:3      | Reached XP level 4. HP: 31/31 MP: 4/8
  3068 | D:3      | Noticed Grinder
  3069 | D:3      | Found a faded altar of an unknown god.
  3073 | D:3      | Paralysed by Grinder for 4 turns
  3079 | D:3      | Paralysed by Grinder for 2 turns
  3081 | D:3      | Slain by Grinder

Illustrated notes

Levels and vault maps discovered:
D:1:      evilmike_arrival_rings, layout_basic, minmay_hedge_maze
D:2:      layout_loops_ring, minmay_split_cup_large
D:3:      layout_loops_ring, kiku_gazebo_pond_becter,
          dreamdust_ecumenical_altar_grove, uniq_grinder

Skill      XL: |  1  2  3  4 |
---------------+-------------+-----
Earth Magic    | 3 |  3.5
Stealth        | 2 |  2.1
Spellcasting   | 3 |  3.4
Fighting       | |  0.3
Throwing       | |  0.8
Dodging        | |  1.9
Conjurations   | |  1.0

Action                     |  1- 3 |  4- 6 || total
---------------------------+-------+-------++-------
  Melee: Unarmed           |     1 |       ||     1
         Dagger            |     8 |    13 ||    21
         Kick              |     2 |     6 ||     8
  Throw: Dart              |     9 |       ||     9
         Boomerang         |     5 |       ||     5
         Javelin           |     4 |     2 ||     6
   Cast: Sandblast         |    44 |    23 ||    67
   Stab: Sleeping          |     1 |       ||     1
 Armour: Robe              |    23 |    27 ||    50
  Dodge: Dodged            |    29 |    21 ||    50
